Map: Jagannatha LE

Players

Osiris

  • Race: Terran Terran
  • League: Master

BIGGLESWORTH - Winner!

  • Race: Protoss Protoss
  • League: Diamond

VOD

Have the link to the VOD?

Description

Time

  • Played on: April 25, 2021, 11:55 a.m.
  • Length: 17:20
Show
View Real Time Build Order
Export as new Build Order

Osiris Terran 

Build Orders:  

Get SALT Encoding   

  12  0:00  SCV  
  13  0:12  SCV  
  14  0:17  Supply Depot  
  14  0:24  SCV  
  15  0:39  SCV  
  15  0:40  Barracks  
  16  0:43  Refinery  
  16  0:51  SCV  
  17  1:03  SCV  
  18  1:15  SCV  
  19  1:27  Orbital Command  
  20  1:37  Marine  
  20  1:50  Command Center  
  20  1:55  Marine, Supply Depot  
  20  2:00  SCV  
  22  2:13  Marine  
  23  2:22  SCV, Refinery  
  24  2:24  Factory  
  24  2:31  Marine  
  25  2:40  SCV  
  26  2:52  SCV  
  27  2:58  Marine  
  27  3:02  Orbital Command  
  27  3:04  SCV  
  29  3:09  Hellion  
  29  3:10  Starport  
  31  3:17  Barracks Reactor  
  32  3:20  SCV  
  32  3:24  Orbital Command  
  32  3:31  Factory Tech Lab  
  32  3:38  SCV  
  33  3:50  Barracks, Bunker  
  33  3:54  Marine x2  
  35  3:58  Raven  
  35  4:00  Factory Tech Lab  
  35  4:02  SCV x2  
  39  4:12  Barracks  
  39  4:15  Marine x2, Supply Depot  
  39  4:16  SCV  
  42  4:21  Siege Tank  
  43  4:28  Supply Depot  
  43  4:29  SCV  
  43  4:30  SCV  
  45  4:36  Marine x2  
  47  4:43  Bunker  
  47  4:45  Barracks Tech Lab  
  47  4:47  SCV x2  
  47  4:57  Supply Depot  
  47  4:58  Siege Tank  
  50  5:04  Stimpack  
  50  5:05  Marine x2  
  50  5:06  Marauder  
  54  5:07  Starport Reactor  
  54  5:08  SCV x2  
  54  5:12  Refinery, Engineering Bay  
  56  5:21  Combat Shield  
  56  5:23  Marine  
  56  5:24  SCV, Marauder, Marine  
  56  5:28  SCV, Supply Depot  
  62  5:36  SCV  
  62  5:38  Terran Infantry Weapons Level 1  
  62  5:40  SCV  
  64  5:46  Marauder x2, Marine x2  
  70  5:53  SCV x2  
  70  5:56  Factory Reactor  
  72  5:57  Refinery  
  72  5:58  Medivac  
  74  6:05  SCV  
  74  6:08  Medivac, Supply Depot  
  74  6:10  Marine, Supply Depot  
  78  6:16  Marine  
  78  6:17  Marauder x2  
  83  6:19  SCV x2  
  83  6:23  Factory Reactor  
  85  6:31  SCV x2, Supply Depot  
  85  6:32  Supply Depot  
  87  6:37  Marine x2  
  89  6:43  SCV x2  
  91  6:48  Marauder x2  
  95  7:10  Marauder  
  95  7:14  Marauder, Marine x2  
  95  7:15  Medivac x2  
  105  7:17  Widow Mine x2  
  109  7:23  Command Center  
  107  7:48  Viking  
  107  7:49  Marauder, Marine x2, Viking  
  107  7:50  Marauder  
  108  8:10  Marine x2  
  108  8:11  Marauder  
  109  8:21  Viking x2  
  109  8:22  Marauder  
  109  8:23  Widow Mine  
  109  8:25  Terran Infantry Armor Level 1  
  117  8:28  Barracks  
  117  8:29  Barracks, Supply Depot x2  
  117  8:30  Widow Mine  
  117  8:32  Marine x2  
  121  8:39  Marauder  
  123  8:42  SCV x2  
  125  8:59  Viking x2  
  129  9:13  Marauder, Marine x2  
  129  9:14  Marauder  
  129  9:15  Orbital Command  
  135  9:22  Barracks Tech Lab x2  
  123  9:31  Refinery  
  123  9:35  Marauder  
  117  9:49  Marauder x2, Marine x3  
  117  9:50  Viking x2  
  114  10:02  Marauder  
  114  10:03  Widow Mine x2  
  114  10:05  SCV x2  
  120  10:12  Starport  
  120  10:17  Concussive Shells  
  120  10:18  Marauder x2  
  120  10:19  Marauder  
  120  10:21  Engineering Bay  
  126  10:24  Marauder, Armory  
  126  10:27  Viking  
  126  10:28  Viking  
  132  10:33  Marine x2  
  134  10:39  Marine  
  134  10:40  Marauder x2  
  139  10:46  Marauder  
  139  10:47  Widow Mine x2  
  145  10:50  Starport Reactor  
  145  10:53  SCV x3, Refinery  
  148  11:00  Supply Depot x2  
  148  11:05  SCV  
  148  11:06  Supply Depot  
  149  11:15  Marine x2  
  151  11:22  SCV  
  151  11:23  SCV  
  153  11:27  Marauder  
  153  11:28  Marauder, Viking x4  
  153  11:30  SCV, Marauder x2  
  170  11:34  SCV  
  171  11:46  SCV x2  
  173  11:49  Marauder  
  173  11:53  Terran Infantry Weapons Level 2  
  173  11:54  Supply Depot x2  
  175  11:55  Supply Depot, Terran Infantry Armor Level 2  
  175  11:58  Viking  
  175  12:00  Command Center  
  176  12:21  Ghost Academy  
  176  12:23  Marauder x3  
  182  12:32  Marauder, Marine x2  
  186  12:37  Command Center  
  186  12:39  Barracks x2  
  186  12:40  SCV x3, Barracks  
  189  12:47  Liberator x3  
  198  12:53  Viking  
  165  13:19  Marauder  
  160  13:20  Marauder x3, Marine x2  
  143  13:28  Liberator  
  143  13:34  Liberator  
  143  13:37  Marine  
  143  13:38  Marine  
  143  13:40  Marine x2  
  143  13:41  Marine  
  148  13:58  Liberator  
  148  13:59  Ghost x3, Liberator  
  160  14:08  Ghost  
  162  14:10  Barracks Tech Lab x2  
  162  14:11  Barracks Reactor  
  162  14:13  Enhanced Shockwaves  
  155  14:29  Marauder  
  155  14:30  Marauder x3  
  164  14:32  Liberator  
  166  14:43  Liberator x2  
  172  14:46  Planetary Fortress, Fusion Core  
  172  14:47  SCV x2  
  172  14:48  Missile Turret  
  174  14:56  Liberator  
  177  15:01  Refinery  
  176  15:13  SCV  
  176  15:14  SCV  
  165  15:25  SCV  
  165  15:26  SCV  
  161  15:40  Marine x5  
  143  15:49  Marauder x2  
  143  15:55  Orbital Command  
  140  16:11  Ghost  
  137  16:13  Marauder, Barracks Tech Lab, Marine  
  142  16:21  Marine  
Show
View Real Time Build Order
Export as new Build Order

BIGGLESWORTH Protoss - Winner!

Build Orders: Blink Stalkers 

Get SALT Encoding   

  12  0:00  Probe  
  13  0:12  Probe  
  14  0:17  Pylon  
  14  0:24  Probe (Chrono Boost)  
  15  0:36  Probe (Chrono Boost)  
  15  0:39  Gateway  
  16  0:44  Probe (Chrono Boost)  
  17  0:51  Assimilator, Probe  
  18  1:03  Probe  
  19  1:15  Probe  
  20  1:32  Cybernetics Core  
  22  1:45  Nexus  
  20  1:47  Pylon  
  20  1:48  Probe  
  21  1:55  Assimilator  
  21  2:03  Probe  
  21  2:08  Stalker (Chrono Boost)  
  24  2:16  Warp Gate  
  24  2:17  Probe  
  25  2:29  Probe  
  26  2:35  Stalker (Chrono Boost)  
  26  2:41  Probe  
  29  2:45  Twilight Council  
  29  2:50  Gateway  
  29  3:05  Probe x2  
  31  3:09  Stalker (Chrono Boost)  
  33  3:17  Shield Battery, Probe  
  33  3:18  Blink (Chrono Boost)  
  34  3:24  Probe  
  35  3:35  Stalker  
  37  3:47  Probe x2  
  39  3:50  Shield Battery  
  39  4:06  Pylon  
  39  4:11  Stalker  
  40  4:22  Probe x2  
  42  4:28  Sentry  
  44  4:34  Probe  
  44  4:35  Robotics Facility, Nexus  
  44  4:37  Stalker  
  47  4:39  Probe  
  47  4:43  Assimilator  
  47  4:52  Probe  
  47  4:53  Probe  
  47  4:55  Stalker  
  50  5:06  Gateway  
  50  5:07  Gateway  
  50  5:09  Stalker  
  50  5:13  Pylon  
  52  5:18  Probe x2  
  54  5:31  Charge, Observer, Probe  
  54  5:32  Forge  
  56  5:45  Probe  
  56  5:46  Probe  
  56  5:47  Zealot x2  
  62  5:50  Assimilator  
  62  5:51  Pylon  
  62  5:53  Probe  
  63  5:58  Probe  
  64  6:05  Robotics Bay  
  64  6:07  Sentry, Stalker  
  64  6:08  Protoss Ground Weapons Level 1 (Chrono Boost)  
  64  6:09  Pylon, Sentry  
  70  6:14  Probe (Chrono Boost)  
  70  6:17  Probe x2 (Chrono Boost)  
  74  6:26  Probe (Chrono Boost)  
  74  6:30  Probe (Chrono Boost)  
  74  6:32  Probe (Chrono Boost)  
  76  6:33  Observer (Chrono Boost), Probe (Chrono Boost)  
  76  6:38  Probe  
  79  6:47  Probe x2  
  78  6:50  Probe, Colossus (Chrono Boost)  
  86  6:54  Zealot x2  
  86  6:59  Shield Battery  
  86  7:00  Gateway  
  90  7:03  Gateway  
  90  7:10  Zealot  
  90  7:18  Pylon  
  90  7:19  Shield Battery  
  90  7:20  Pylon  
  90  7:21  Shield Battery  
  90  7:22  Pylon  
  90  7:25  Zealot  
  92  7:32  Colossus (Chrono Boost)  
  98  7:43  Zealot x3  
  104  7:49  Gateway, Zealot  
  81  8:09  Phoenix, Zealot x2  
  81  8:10  Zealot  
  81  8:11  Zealot x3  
  83  8:14  Colossus  
  83  8:15  Protoss Ground Armor Level 1 (Chrono Boost)  
  83  8:23  Probe x3  
  86  8:28  Assimilator x2, Gateway  
  86  8:29  Gateway  
  86  8:31  Sentry, Gateway  
  86  8:33  Stalker  
  90  8:35  Probe x2  
  92  8:43  Zealot x3  
  98  8:51  Stalker x2  
  98  8:53  Extended Thermal Lance (Chrono Boost)  
  102  9:00  Stalker x2  
  106  9:10  Zealot x3  
  112  9:17  Photon Cannon  
  110  9:38  Zealot  
  108  9:40  Zealot x4  
  115  9:46  Pylon  
  115  9:48  Pylon  
  115  9:51  Pylon  
  109  9:53  Pylon  
  109  9:55  Pylon  
  109  9:57  Pylon  
  103  10:08  Nexus  
  103  10:09  Pylon  
  103  10:14  Templar Archives  
  103  10:15  Pylon, Stalker x3  
  103  10:17  Sentry  
  103  10:18  Sentry  
  113  10:23  Disruptor (Chrono Boost)  
  116  10:41  Shield Battery  
  116  10:51  High Templar x2  
  116  10:52  High Templar x2  
  116  10:55  Archon x2, Disruptor (Chrono Boost)  
  127  11:01  Nexus  
  127  11:05  Pylon  
  127  11:24  Psionic Storm, Disruptor  
  130  11:27  Zealot  
  130  11:28  Zealot x5  
  142  11:33  Probe x2  
  142  11:35  Probe  
  145  11:45  Probe  
  146  11:52  High Templar x2  
  150  11:59  Pylon  
  150  12:01  Shield Battery  
  150  12:20  Probe x4  
  154  12:23  Protoss Ground Weapons Level 2 (Chrono Boost), Shield Battery  
  154  12:25  Shield Battery  
  154  12:28  Immortal  
  150  12:32  Probe x2  
  150  12:34  High Templar  
  154  12:41  High Templar x2  
  154  12:42  Probe x2  
  154  12:44  Probe x2  
  161  12:45  Assimilator  
  161  12:49  Archon  
  162  12:58  Probe x4  
  166  13:03  Zealot x6  
  164  13:07  Warp Prism  
  120  13:29  Zealot x5  
  120  13:30  Zealot x2  
  121  13:42  Colossus  
  126  13:51  Probe x3  
  129  13:56  High Templar x2  
  129  13:57  High Templar x3, Zealot  
  129  13:58  Zealot x2  
  129  14:02  Archon x2  
  145  14:03  Probe x2  
  147  14:14  Assimilator  
  143  14:35  Robotics Facility  
  144  14:38  Observer  
  144  14:41  Zealot x7  
  158  14:46  Nexus  
  158  15:05  Colossus  
  158  15:06  Pylon  
  164  15:08  Pylon  
  164  15:19  Pylon  
  164  15:20  Pylon, Zealot x3  
  162  15:22  Pylon  
  148  15:47  Zealot x5  
  148  15:49  High Templar x2  
  160  15:59  Warp Prism  
  140  16:16  Disruptor  
  143  16:19  Zealot x5  
  153  16:34  Assimilator  
  153  16:35  Observer  
  153  16:39  High Templar x2  
  158  16:40  Zealot x2  
  158  16:45  Nexus  
  140  17:16  Zealot x5  
  140  17:17  High Templar x2, Zealot  
Tags
 
Add a new tag
Caveats
  • Supply blocks, unpowered buildings, or Contaminate may cause inaccurate times.
  • Supply counts are checked every 10 seconds.